ATLANTIC CITY RIVERKINGS vs TRENTON WHALERS

Created - 7 novembre 2025 at 11:55

Goals
1 2 3 T
ATLANTIC CITY RIVERKINGS 1 1 0 2
TRENTON WHALERS 1 0 2 3
Shots
1 2 3 T
ATLANTIC CITY RIVERKINGS 23 6 10 39
TRENTON WHALERS 18 16 20 54

1st period

1. TRENTON WHALERS , Cole Koepke 3 (Sam Malinski 6, Massimo Rizzo 1) at 2:45
2. ATLANTIC CITY RIVERKINGS , Sam Colangelo 3 (Ty Dellandrea 6, Yakov Trenin 8) at 11:30 (PP)

Penalties :
Cole Koepke (TRE) for Slashing (Minor) at 11:02, Maxwell Crozier (TRE) for Tripping (Minor) at 14:55

2nd period

3. ATLANTIC CITY RIVERKINGS , Sam Colangelo 4 (Ty Dellandrea 7, Yakov Trenin 9) at 18:06

Penalties :
Noel Hoefenmayer (TRE) for Hooking (Minor) at 1:17, Ben Harpur (ATL) for Roughing (Minor) at 3:23, Cole Koepke (TRE) for Interference (Minor) at 4:15, Anthony Angello (ATL) for Tripping (Minor) at 6:29, Ben McCartney (ATL) for Tripping (Minor) at 13:47

3rd period

4. TRENTON WHALERS , Jason Polin 3 (Wyatt Kaiser 10, Gabriel Szturc 3) at 6:50
5. TRENTON WHALERS , Henrik Rybinski 1 (Cole Koepke 7) at 14:25

Penalties :
Sam Morton (TRE) for Delaying the game (Minor) at 10:01, Ben Harpur (ATL) for Interference (Minor) at 10:01, Brennan Othmann (ATL) for Interference (Minor) at 18:56

Goalie Stats

Nicolas Daws (ATL), 51 saves from 54 shots - (0,944), L, 6-3-1, 60:00 minutes
Clay Stevenson (TRE), 37 saves from 39 shots - (0,949), W, 6-3-0, 60:00 minutes

Players Stats for ATLANTIC CITY RIVERKINGS

Player Name              G  A  P  +/- PIM S  H  SB GA TA FO     MP     PP MP  PK MP  
------------------------------------------------------------------------------------
Anthony Angello          0  0  0   0  2   1  5  0  0  0  8/12   11:50   0:00   0:00 
Ben Harpur               0  0  0   0  4   0  4  0  0  0  0/0    16:25   0:00   0:17 
Ben King                 0  0  0   0  0   0  0  0  0  0  0/0    11:07   0:00   0:00 
Ben McCartney            0  0  0  -1  2   2  2  0  0  0  0/2    18:17   2:23   0:00 
Brennan Othmann          0  0  0  -1  2   1  1  0  0  0  0/0     5:05   0:00   0:00 
Garrett Pilon            0  0  0  -1  0   4  0  0  0  0  12/23  21:51   2:23   2:48 
Hudson Fasching          0  0  0   0  0   5  0  1  0  0  0/1    11:51   0:00   0:00 
Ilya Solovyov            0  0  0   0  0   2  8  2  0  0  0/0    23:05   2:02   3:45 
Jordan Oesterle          0  0  0   0  0   4  0  1  0  0  0/0    23:05   2:02   3:45 
Mason Shaw               0  0  0  -1  0   0  0  0  0  0  3/8     6:10   0:00   1:04 
Ronald Attard            0  0  0  -2  0   0  5  1  0  0  0/0    20:45   3:16   2:08 
Ryan Mast                0  0  0   0  0   0  0  3  0  0  0/0    16:10   0:00   0:00 
Sam Colangelo            2  0  2   0  0   5  0  1  0  0  0/1    19:13   2:55   1:58 
Simon Nemec              0  0  0  -2  0   1  0  5  0  0  0/0    20:28   3:16   1:51 
Trey Fix-Wolansky        0  0  0  -1  0   3  0  0  0  0  1/2    18:18   2:23   0:00 
Ty Dellandrea            0  2  2   0  0   7  2  0  0  0  1/2    20:58   2:55   2:51 
Viktor Neuchev           0  0  0  -1  0   1  0  0  0  0  0/0     5:06   0:00   0:00 
Yakov Trenin             0  2  2   0  0   3  1  0  0  0  16/43  21:12   2:55   3:05 

Players Stats for TRENTON WHALERS

Player Name              G  A  P  +/- PIM S  H  SB GA TA FO     MP     PP MP  PK MP  
------------------------------------------------------------------------------------
Alex Steeves             0  0  0   0  0   0  0  0  0  0  0/1     1:45   0:10   0:00 
Cole Koepke              1  1  2   2  4   10 3  1  0  0  3/9    22:21   2:11   2:31 
Daniil Miromanov         0  0  0   1  0   1  1  2  0  0  0/1    24:13   2:36   3:04 
Gabriel Szturc           0  1  1   1  0   2  0  1  0  0  9/17   13:00   0:00   0:00 
Henrik Rybinski          1  0  1   1  0   3  0  0  0  0  13/19  20:55   2:36   3:29 
Jason Polin              1  0  1   1  0   3  0  0  0  0  0/0    13:00   0:00   0:00 
Logan Morrison           0  0  0  -1  0   4  1  0  0  0  22/33  22:08   3:17   1:49 
Massimo Rizzo            0  1  1   1  0   0  0  0  0  0  4/7     3:57   0:00   0:00 
Maxwell Crozier          0  0  0   1  2   1  3  0  0  0  0/0    12:37   0:45   0:00 
Michael Benning          0  0  0   0  0   2  0  1  0  0  0/0    21:32   2:32   1:14 
Michael Milne            0  0  0   1  0   0  0  0  0  0  0/0     3:57   0:00   0:00 
Noel Hoefenmayer         0  0  0   0  2   3  1  5  0  0  0/0    22:48   1:57   1:50 
Paul Ludwinski           0  0  0   1  0   0  0  0  0  0  1/3     5:02   0:34   0:00 
Sam Malinski             0  1  1   1  0   8  1  4  0  0  0/0    23:41   3:11   2:14 
Sam Morton               0  0  0  -1  2   11 3  0  0  0  0/0    20:27   3:07   1:49 
Taylor Ward              0  0  0   1  0   2  3  0  0  0  0/1    13:58   0:00   0:58 
Wyatt Kaiser             0  1  1   1  0   1  1  4  0  0  0/0    27:21   3:11   2:14 
Xavier Bourgault         0  0  0  -1  0   3  0  0  0  0  1/3    18:49   3:17   0:00 

3 Stars

1 - Nicolas Daws (ATL)
2 - Sam Colangelo (ATL)
3 - Clay Stevenson (TRE)

Power Play

ATLANTIC CITY RIVERKINGS - 1 on 4 Attempt(s) - 25,00%
TRENTON WHALERS - 0 on 4 Attempt(s) - 0,00%

Penalty Kill

ATLANTIC CITY RIVERKINGS - 4 on 4 Attempt(s) - 100,00% - Score 0 goal in Penalty Kill
TRENTON WHALERS - 3 on 4 Attempt(s) - 75,00% - Score 0 goal in Penalty Kill

Team Stat

ATLANTIC CITY RIVERKINGS - Hits : 28 - Faceoff Wins : 41 - Blocked Shots : 14 - Penalty Minutes : 10
TRENTON WHALERS - Hits : 17 - Faceoff Wins : 53 - Blocked Shots : 18 - Penalty Minutes : 10

Official

Referees : Kevin Pollock and Kendrick Nicholson
Linesman : Kelsey Mahoney and Neil Campbell

Game Notes

No Game Note

ATLANTIC CITY RIVERKINGS

5 vs 5 Forward 
   Center                   Left Wing                Right Wing               Time % Phy DF OF 
 1 Yakov Trenin             Ty Dellandrea            Sam Colangelo            36     1   2  2  
 2 Garrett Pilon            Trey Fix-Wolansky        Ben McCartney            31     1   2  2  
 3 Anthony Angello          Hudson Fasching          Ben King                 23     1   2  2  
 4 Mason Shaw               Viktor Neuchev           Brennan Othmann          10     1   2  2  

5 vs 5 Defense 
   Defense                  Defense                                           Time % Phy DF OF 
 1 Jordan Oesterle          Ilya Solovyov                                     36     1   2  2  
 2 Simon Nemec              Ronald Attard                                     31     1   2  2  
 3 Ryan Mast                Ben Harpur                                        23     1   2  2  
 4 Jordan Oesterle          Ilya Solovyov                                     10     1   2  2  

PowerPlay Forward 
   Center                   Left Wing                Right Wing               Time % Phy DF OF 
 1 Yakov Trenin             Ty Dellandrea            Sam Colangelo            55     1   2  2  
 2 Garrett Pilon            Trey Fix-Wolansky        Ben McCartney            45     1   2  2  

PowerPlay Defense
   Defense                  Defense                                           Time % Phy DF OF 
 1 Jordan Oesterle          Ilya Solovyov                                     55     1   2  2  
 2 Simon Nemec              Ronald Attard                                     45     1   2  2  

Penalty Kill 4 Players Forward 
   Center                   Wing                     Time % Phy DF OF 
 1 Yakov Trenin             Ty Dellandrea            55     1   2  2  
 2 Garrett Pilon            Sam Colangelo            45     1   2  2  

Penalty Kill 4 Players Defense
   Defense                  Defense                  Time % Phy DF OF 
 1 Jordan Oesterle          Ilya Solovyov            55     1   2  2  
 2 Simon Nemec              Ronald Attard            45     1   2  2  

Penalty Kill - 3 Players Forward 
   Forward                                           Time % Phy DF OF 
 1 Yakov Trenin                                      55     1   2  2  
 2 Ty Dellandrea                                     45     1   2  2  

Penalty Kill - 3 Players Defense
   Defense                  Defense                  Time % Phy DF OF 
 1 Jordan Oesterle          Ilya Solovyov            55     1   2  2  
 2 Simon Nemec              Ronald Attard            45     1   2  2  

4 vs 4 Forward 
   Center                   Wing                     Time % Phy DF OF 
 1 Yakov Trenin             Ty Dellandrea            55     1   2  2  
 2 Garrett Pilon            Sam Colangelo            45     1   2  2  

4 vs 4 Defense
   Defense                  Defense                  Time % Phy DF OF 
 1 Jordan Oesterle          Ilya Solovyov            55     1   2  2  
 2 Simon Nemec              Ronald Attard            45     1   2  2  

Last Minutes Offensive
   Center                   Left Wing                Right Wing               Defense                  Defense                  
   Yakov Trenin             Ty Dellandrea            Sam Colangelo            Jordan Oesterle          Ilya Solovyov            

Last Minutes Defensive
   Center                   Left Wing                Right Wing               Defense                  Defense                  
   Yakov Trenin             Ty Dellandrea            Sam Colangelo            Jordan Oesterle          Ilya Solovyov            

Goaltenders
Starting : Nicolas Daws             
Backup : Kaapo Kahkonen           

Extra Forwards
Normal : Hudson Fasching, Anthony Angello, Mason Shaw - PP : Hudson Fasching, Anthony Angello - PK : Mason Shaw
Extra Defensemen
Normal : Ryan Mast, Ben Harpur, Simon Nemec - PP : Ryan Mast - PK : Ben Harpur, Simon Nemec
Penalty Shots
Yakov Trenin, Ty Dellandrea, Garrett Pilon, Sam Colangelo, Trey Fix-Wolansky

Scratches
Bryce Montgomery (Healthy), Daylan Kuefler (Healthy), Cole Reinhardt (Healthy), Ivan Miroshnichenko (Healthy), Jeremy Hanzel (Healthy)
Gabriel Perreault (Healthy), Jackson Dorrington (Healthy), Leon Muggli (Healthy), Jeremie Biakabutuka (Healthy), Taylor Makar (Healthy)

TRENTON WHALERS

5 vs 5 Forward 
   Center                   Left Wing                Right Wing               Time % Phy DF OF 
 1 Henrik Rybinski          Cole Koepke              Daniil Miromanov         36     1   2  2  
 2 Logan Morrison           Sam Morton               Xavier Bourgault         31     1   2  2  
 3 Gabriel Szturc           Taylor Ward              Jason Polin              23     1   2  2  
 4 Massimo Rizzo            Michael Milne            Cole Koepke              10     1   2  2  

5 vs 5 Defense 
   Defense                  Defense                                           Time % Phy DF OF 
 1 Wyatt Kaiser             Sam Malinski                                      36     1   2  2  
 2 Noel Hoefenmayer         Michael Benning                                   31     1   2  2  
 3 Maxwell Crozier          Wyatt Kaiser                                      23     1   2  2  
 4 Sam Malinski             Daniil Miromanov                                  10     1   2  2  

PowerPlay Forward 
   Center                   Left Wing                Right Wing               Time % Phy DF OF 
 1 Henrik Rybinski          Cole Koepke              Daniil Miromanov         55     1   2  2  
 2 Logan Morrison           Sam Morton               Xavier Bourgault         45     1   2  2  

PowerPlay Defense
   Defense                  Defense                                           Time % Phy DF OF 
 1 Wyatt Kaiser             Sam Malinski                                      55     1   2  2  
 2 Noel Hoefenmayer         Michael Benning                                   45     1   2  2  

Penalty Kill 4 Players Forward 
   Center                   Wing                     Time % Phy DF OF 
 1 Cole Koepke              Henrik Rybinski          55     1   2  2  
 2 Logan Morrison           Sam Morton               45     1   2  2  

Penalty Kill 4 Players Defense
   Defense                  Defense                  Time % Phy DF OF 
 1 Wyatt Kaiser             Sam Malinski             55     1   2  2  
 2 Daniil Miromanov         Noel Hoefenmayer         45     1   2  2  

Penalty Kill - 3 Players Forward 
   Forward                                           Time % Phy DF OF 
 1 Cole Koepke                                       55     1   2  2  
 2 Henrik Rybinski                                   45     1   2  2  

Penalty Kill - 3 Players Defense
   Defense                  Defense                  Time % Phy DF OF 
 1 Wyatt Kaiser             Sam Malinski             55     1   2  2  
 2 Daniil Miromanov         Noel Hoefenmayer         45     1   2  2  

4 vs 4 Forward 
   Center                   Wing                     Time % Phy DF OF 
 1 Cole Koepke              Henrik Rybinski          55     1   2  2  
 2 Logan Morrison           Sam Morton               45     1   2  2  

4 vs 4 Defense
   Defense                  Defense                  Time % Phy DF OF 
 1 Wyatt Kaiser             Sam Malinski             55     1   2  2  
 2 Daniil Miromanov         Noel Hoefenmayer         45     1   2  2  

Last Minutes Offensive
   Center                   Left Wing                Right Wing               Defense                  Defense                  
   Henrik Rybinski          Cole Koepke              Daniil Miromanov         Wyatt Kaiser             Sam Malinski             

Last Minutes Defensive
   Center                   Left Wing                Right Wing               Defense                  Defense                  
   Henrik Rybinski          Cole Koepke              Daniil Miromanov         Wyatt Kaiser             Sam Malinski             

Goaltenders
Starting : Clay Stevenson           
Backup : Jakub Skarek             

Extra Forwards
Normal : Paul Ludwinski, Alex Steeves, Taylor Ward - PP : Paul Ludwinski, Alex Steeves - PK : Taylor Ward
Extra Defensemen
Normal : Maxwell Crozier, Michael Benning, Noel Hoefenmayer - PP : Maxwell Crozier - PK : Michael Benning, Noel Hoefenmayer
Penalty Shots
Cole Koepke, Daniil Miromanov, Henrik Rybinski, Logan Morrison, Sam Morton

Scratches
Elias Pettersson Jr (Healthy), Borya Valis (Healthy), Dmitry Kuzmin (Healthy), Kevin Korchinski (Strained Right Elbow Injury), Jakob Pelletier (Healthy)
Angus Crookshank (Healthy), John Prokop (Healthy), Karsen Dorwart (Healthy), Patrick Giles (Healthy), Matias Rajaniemi (Healthy)
Matt Copponi (Healthy), Noah Philp (Healthy), Trey Taylor (Healthy), Talyn Boyko (Healthy)

% Time on Ice - ATLANTIC CITY RIVERKINGS

Lines # - Real PCT - Wanted PCT - Time Play
Normal Forward
1 - 30% - 36% - 13:35
2 - 35% - 31% - 15:55
3 - 24% - 23% - 11:07
4 - 11% - 10% - 5:06
Normal Defense
1 - 32% - 36% - 14:34
2 - 30% - 31% - 13:52
3 - 35% - 23% - 16:10
4 - 2% - 10% - 1:07
PP Forward
1 - 55% - 55% - 2:55
2 - 45% - 45% - 2:23
PP Defense
1 - 38% - 55% - 2:02
2 - 62% - 45% - 3:16
PK Forward
1 - 52% - 55% - 3:05
2 - 48% - 45% - 2:48
PK Defense
1 - 64% - 55% - 3:45
2 - 36% - 45% - 2:08
PK3 Forward
1 - 0% - 55%
2 - 0% - 45%
PK3 Defense
1 - 0% - 55%
2 - 0% - 45%
44 Forward
1 - 76% - 55% - 2:21
2 - 24% - 45% - 0:45
44 Defense
1 - 52% - 55% - 1:37
2 - 48% - 45% - 1:29
Last Minute Offensive  - 0:00
Last Minute Defensive  - 0:00
Total
Forward - 60:00
Defense - 60:00

% Time on Ice - TRENTON WHALERS

Lines # - Real PCT - Wanted PCT - Time Play
Normal Forward
1 - 29% - 36% - 13:14
2 - 34% - 31% - 15:32
3 - 28% - 23% - 13:00
4 - 9% - 10% - 3:57
Normal Defense
1 - 22% - 36% - 9:50
2 - 39% - 31% - 17:46
3 - 25% - 23% - 11:15
4 - 15% - 10% - 6:52
PP Forward
1 - 44% - 55% - 2:36
2 - 56% - 45% - 3:17
PP Defense
1 - 54% - 55% - 3:11
2 - 46% - 45% - 2:42
PK Forward
1 - 66% - 55% - 3:29
2 - 34% - 45% - 1:49
PK Defense
1 - 42% - 55% - 2:14
2 - 58% - 45% - 3:04
PK3 Forward
1 - 0% - 55%
2 - 0% - 45%
PK3 Defense
1 - 0% - 55%
2 - 0% - 45%
44 Forward
1 - 52% - 55% - 1:36
2 - 48% - 45% - 1:30
44 Defense
1 - 59% - 55% - 1:50
2 - 41% - 45% - 1:16
Last Minute Offensive  - 0:00
Last Minute Defensive  - 0:00
Total
Forward - 60:00
Defense - 60:00

Play-by-Play

1st period


0:01 of 1st period - Henrik Rybinski wins face-off versus Yakov Trenin in neutral zone.
0:07 of 1st period - Daniil Miromanov is hit by Ilya Solovyov and loses puck.
0:38 of 1st period - Daniil Miromanov is hit by Ilya Solovyov.
0:58 of 1st period - Simon Nemec is hit by Sam Morton and loses puck.
1:13 of 1st period - Shot by Garrett Pilon.
1:13 of 1st period - Stopped by Clay Stevenson without a rebound.
1:14 of 1st period - Anthony Angello wins face-off versus Gabriel Szturc in TRENTON WHALERS zone.
1:20 of 1st period - Wyatt Kaiser is hit by Anthony Angello and loses puck.
1:25 of 1st period - Shot by Anthony Angello.
1:25 of 1st period - Stopped by Clay Stevenson with a rebound.
2:19 of 1st period - Shot by Sam Morton.
2:19 of 1st period - Shot Misses the Net.
2:25 of 1st period - Shot by Sam Morton.
2:25 of 1st period - Shot Blocked by Simon Nemec.
2:27 of 1st period - Shot by Sam Morton.
2:27 of 1st period - Stopped by Nicolas Daws with a rebound.
2:29 of 1st period - Shot by Noel Hoefenmayer.
2:29 of 1st period - Stopped by Nicolas Daws without a rebound.
2:30 of 1st period - Massimo Rizzo wins face-off versus Mason Shaw in ATLANTIC CITY RIVERKINGS zone.
2:43 of 1st period - Shot by Cole Koepke.
2:43 of 1st period - Stopped by Nicolas Daws with a rebound.
2:45 of 1st period - Shot by Cole Koepke.
2:45 of 1st period - Goal by Cole Koepke - ATLANTIC CITY RIVERKINGS : 0 - TRENTON WHALERS : 1.
2:46 of 1st period - Logan Morrison wins face-off versus Yakov Trenin in neutral zone.
3:04 of 1st period - Shot by Yakov Trenin.
3:04 of 1st period - Shot Misses the Net.
3:06 of 1st period - Shot by Ty Dellandrea.
3:06 of 1st period - Shot Misses the Net.
3:08 of 1st period - Shot by Ty Dellandrea.
3:08 of 1st period - Shot Blocked by Noel Hoefenmayer.
3:30 of 1st period - Shot by Trey Fix-Wolansky.
3:30 of 1st period - Stopped by Clay Stevenson with a rebound.
3:43 of 1st period - Shot by Ben McCartney.
3:43 of 1st period - Stopped by Clay Stevenson with a rebound.
3:45 of 1st period - Shot by Simon Nemec.
3:45 of 1st period - Shot Misses the Net.
3:47 of 1st period - Shot by Simon Nemec.
3:47 of 1st period - Shot Blocked by Noel Hoefenmayer.
3:49 of 1st period - Shot by Ben McCartney.
3:49 of 1st period - Shot Misses the Net.
4:02 of 1st period - Shot by Garrett Pilon.
4:02 of 1st period - Stopped by Clay Stevenson without a rebound.
4:03 of 1st period - Anthony Angello wins face-off versus Cole Koepke in TRENTON WHALERS zone.
4:08 of 1st period - Shot by Hudson Fasching.
4:08 of 1st period - Shot Misses the Net.
4:59 of 1st period - Shot by Jason Polin.
4:59 of 1st period - Stopped by Nicolas Daws without a rebound.
5:00 of 1st period - Gabriel Szturc wins face-off versus Yakov Trenin in ATLANTIC CITY RIVERKINGS zone.
5:15 of 1st period - Shot by Sam Colangelo.
5:15 of 1st period - Stopped by Clay Stevenson with a rebound.
5:27 of 1st period - Shot by Yakov Trenin.
5:27 of 1st period - Stopped by Clay Stevenson with a rebound.
5:29 of 1st period - Shot by Ty Dellandrea.
5:29 of 1st period - Stopped by Clay Stevenson without a rebound.
5:30 of 1st period - Mason Shaw wins face-off versus Massimo Rizzo in TRENTON WHALERS zone.
5:43 of 1st period - Icing by Simon Nemec.
5:44 of 1st period - Logan Morrison wins face-off versus Mason Shaw in ATLANTIC CITY RIVERKINGS zone.
5:55 of 1st period - Shot by Sam Morton.
5:55 of 1st period - Stopped by Nicolas Daws with a rebound.
6:14 of 1st period - Shot by Sam Morton.
6:14 of 1st period - Stopped by Nicolas Daws without a rebound.
6:15 of 1st period - Garrett Pilon wins face-off versus Gabriel Szturc in ATLANTIC CITY RIVERKINGS zone.
7:50 of 1st period - Shot by Michael Benning.
7:50 of 1st period - Stopped by Nicolas Daws with a rebound.
7:57 of 1st period - Sam Morton is hit by Ben Harpur and loses puck.
8:06 of 1st period - Shot by Sam Morton.
8:06 of 1st period - Stopped by Nicolas Daws with a rebound.
8:08 of 1st period - Shot by Logan Morrison.
8:08 of 1st period - Stopped by Nicolas Daws without a rebound.
8:09 of 1st period - Gabriel Szturc wins face-off versus Anthony Angello in ATLANTIC CITY RIVERKINGS zone.
8:19 of 1st period - Hudson Fasching is hit by Daniil Miromanov and loses puck.
8:33 of 1st period - Icing by Ronald Attard.
8:34 of 1st period - Xavier Bourgault wins face-off versus Anthony Angello in ATLANTIC CITY RIVERKINGS zone.
8:35 of 1st period - Shot by Logan Morrison.
8:35 of 1st period - Deflect By Sam Morton.
8:35 of 1st period - Stopped by Nicolas Daws without a rebound.
8:36 of 1st period - Garrett Pilon wins face-off versus Logan Morrison in ATLANTIC CITY RIVERKINGS zone.
8:52 of 1st period - Shot by Sam Morton.
8:52 of 1st period - Stopped by Nicolas Daws without a rebound.
8:53 of 1st period - Henrik Rybinski wins face-off versus Anthony Angello in ATLANTIC CITY RIVERKINGS zone.
9:04 of 1st period - Shot by Cole Koepke.
9:04 of 1st period - Deflect By Henrik Rybinski.
9:04 of 1st period - Shot Blocked by Simon Nemec.
9:20 of 1st period - Shot by Hudson Fasching.
9:20 of 1st period - Shot Blocked by Cole Koepke.
9:26 of 1st period - Shot by Cole Koepke.
9:26 of 1st period - Stopped by Nicolas Daws with a rebound.
9:28 of 1st period - Shot by Noel Hoefenmayer.
9:28 of 1st period - Stopped by Nicolas Daws without a rebound.
9:29 of 1st period - Gabriel Szturc wins face-off versus Yakov Trenin in ATLANTIC CITY RIVERKINGS zone.
9:48 of 1st period - Shot by Sam Colangelo.
9:48 of 1st period - Stopped by Clay Stevenson without a rebound.
9:49 of 1st period - Garrett Pilon wins face-off versus Logan Morrison in TRENTON WHALERS zone.
9:50 of 1st period - Shot by Ben McCartney.
9:50 of 1st period - Deflect By Trey Fix-Wolansky.
9:50 of 1st period - Stopped by Clay Stevenson without a rebound.
9:51 of 1st period - Logan Morrison wins face-off versus Garrett Pilon in TRENTON WHALERS zone.
9:58 of 1st period - Icing by Sam Malinski.
9:59 of 1st period - Garrett Pilon wins face-off versus Logan Morrison in TRENTON WHALERS zone.
10:03 of 1st period - Garrett Pilon is hit by Wyatt Kaiser and loses puck.
11:02 of 1st period - Minor Penalty to Cole Koepke for Slashing.
11:03 of 1st period - Yakov Trenin wins face-off versus Taylor Ward in TRENTON WHALERS zone.
11:30 of 1st period - Shot by Ty Dellandrea.
11:30 of 1st period - Deflect By Sam Colangelo.
11:30 of 1st period - Goal by Sam Colangelo - ATLANTIC CITY RIVERKINGS : 1 - TRENTON WHALERS : 1.
11:31 of 1st period - Massimo Rizzo wins face-off versus Mason Shaw in neutral zone.
11:54 of 1st period - Shot by Cole Koepke.
11:54 of 1st period - Stopped by Nicolas Daws without a rebound.
11:55 of 1st period - Anthony Angello wins face-off versus Gabriel Szturc in ATLANTIC CITY RIVERKINGS zone.
12:16 of 1st period - Shot by Hudson Fasching.
12:16 of 1st period - Shot Misses the Net.
12:18 of 1st period - Shot by Simon Nemec.
12:18 of 1st period - Shot Blocked by Sam Malinski.
12:24 of 1st period - Shot by Hudson Fasching.
12:24 of 1st period - Stopped by Clay Stevenson with a rebound.
12:26 of 1st period - Shot by Simon Nemec.
12:26 of 1st period - Stopped by Clay Stevenson with a rebound.
12:28 of 1st period - Shot by Hudson Fasching.
12:28 of 1st period - Shot Blocked by Sam Malinski.
12:30 of 1st period - Shot by Hudson Fasching.
12:30 of 1st period - Stopped by Clay Stevenson without a rebound.
12:31 of 1st period - Yakov Trenin wins face-off versus Massimo Rizzo in TRENTON WHALERS zone.
12:40 of 1st period - Shot by Yakov Trenin.
12:40 of 1st period - Stopped by Clay Stevenson without a rebound.
12:41 of 1st period - Logan Morrison wins face-off versus Ben McCartney in TRENTON WHALERS zone.
12:41 of 1st period - Logan Morrison is hit by Ben McCartney.
13:09 of 1st period - Shot by Sam Morton.
13:09 of 1st period - Shot Misses the Net.
13:12 of 1st period - Icing by Ryan Mast.
13:13 of 1st period - Garrett Pilon wins face-off versus Daniil Miromanov in ATLANTIC CITY RIVERKINGS zone.
13:32 of 1st period - Ryan Mast is hit by Cole Koepke and loses puck.
14:15 of 1st period - Shot by Taylor Ward.
14:15 of 1st period - Shot Blocked by Ryan Mast.
14:17 of 1st period - Shot by Taylor Ward.
14:17 of 1st period - Stopped by Nicolas Daws without a rebound.
14:18 of 1st period - Yakov Trenin wins face-off versus Xavier Bourgault in ATLANTIC CITY RIVERKINGS zone.
14:18 of 1st period - Yakov Trenin is hit by Sam Morton.
14:42 of 1st period - Yakov Trenin is hit by Maxwell Crozier.
14:55 of 1st period - Minor Penalty to Maxwell Crozier for Tripping.
14:56 of 1st period - Cole Koepke wins face-off versus Yakov Trenin in TRENTON WHALERS zone.
14:56 of 1st period - Cole Koepke is hit by Ty Dellandrea.
15:21 of 1st period - Shot by Ty Dellandrea.
15:21 of 1st period - Stopped by Clay Stevenson with a rebound.
15:43 of 1st period - Shot by Jordan Oesterle.
15:43 of 1st period - Stopped by Clay Stevenson without a rebound.
15:44 of 1st period - Garrett Pilon wins face-off versus Logan Morrison in TRENTON WHALERS zone.
15:47 of 1st period - Shot by Jordan Oesterle.
15:47 of 1st period - Stopped by Clay Stevenson without a rebound.
15:48 of 1st period - Cole Koepke wins face-off versus Ben McCartney in TRENTON WHALERS zone.
15:55 of 1st period - Shot by Garrett Pilon.
15:55 of 1st period - Stopped by Clay Stevenson without a rebound.
15:56 of 1st period - Logan Morrison wins face-off versus Garrett Pilon in TRENTON WHALERS zone.
16:05 of 1st period - Shot by Ben McCartney.
16:05 of 1st period - Deflect By Trey Fix-Wolansky.
16:05 of 1st period - Shot Misses the Net.
16:07 of 1st period - Shot by Ilya Solovyov.
16:07 of 1st period - Shot Blocked by Daniil Miromanov.
16:11 of 1st period - Shot by Garrett Pilon.
16:11 of 1st period - Shot Misses the Net.
16:13 of 1st period - Shot by Ilya Solovyov.
16:13 of 1st period - Stopped by Clay Stevenson without a rebound.
16:14 of 1st period - Yakov Trenin wins face-off versus Cole Koepke in TRENTON WHALERS zone.
16:23 of 1st period - Shot by Ty Dellandrea.
16:23 of 1st period - Stopped by Clay Stevenson with a rebound.
16:54 of 1st period - Off-side.
16:55 of 1st period - Anthony Angello wins face-off versus Gabriel Szturc in neutral zone.
17:00 of 1st period - Shot by Hudson Fasching.
17:00 of 1st period - Shot Blocked by Noel Hoefenmayer.
17:02 of 1st period - Shot by Hudson Fasching.
17:02 of 1st period - Shot Blocked by Noel Hoefenmayer.
17:12 of 1st period - Shot by Hudson Fasching.
17:12 of 1st period - Shot Misses the Net.
17:18 of 1st period - Shot by Ben King.
17:18 of 1st period - Shot Misses the Net.
17:20 of 1st period - Shot by Hudson Fasching.
17:20 of 1st period - Stopped by Clay Stevenson with a rebound.
18:40 of 1st period - Cole Koepke is hit by Ben Harpur and loses puck.
18:49 of 1st period - Shot by Cole Koepke.
18:49 of 1st period - Stopped by Nicolas Daws without a rebound.
18:50 of 1st period - Logan Morrison wins face-off versus Yakov Trenin in ATLANTIC CITY RIVERKINGS zone.
19:09 of 1st period - Icing by Simon Nemec.
19:10 of 1st period - Massimo Rizzo wins face-off versus Yakov Trenin in ATLANTIC CITY RIVERKINGS zone.
19:29 of 1st period - Shot by Yakov Trenin.
19:29 of 1st period - Stopped by Clay Stevenson without a rebound.
19:30 of 1st period - Garrett Pilon wins face-off versus Logan Morrison in TRENTON WHALERS zone.
19:47 of 1st period - Shot by Sam Morton.
19:47 of 1st period - Shot Misses the Net.
19:49 of 1st period - Shot by Sam Morton.
19:49 of 1st period - Stopped by Nicolas Daws without a rebound.
19:50 of 1st period - Anthony Angello wins face-off versus Henrik Rybinski in ATLANTIC CITY RIVERKINGS zone.
19:59 of 1st period - Shot by Hudson Fasching.
19:59 of 1st period - Shot Misses the Net.
Goals for this period are 1 for ATLANTIC CITY RIVERKINGS vs 1 for TRENTON WHALERS.
Shots for this period are 23 for ATLANTIC CITY RIVERKINGS vs 18 for TRENTON WHALERS.

2nd period


0:01 of 2nd period - Henrik Rybinski wins face-off versus Sam Colangelo in neutral zone.
0:43 of 2nd period - Icing by Wyatt Kaiser.
0:44 of 2nd period - Henrik Rybinski wins face-off versus Garrett Pilon in TRENTON WHALERS zone.
0:57 of 2nd period - Shot by Sam Morton.
0:57 of 2nd period - Shot Misses the Net.
0:59 of 2nd period - Shot by Sam Morton.
0:59 of 2nd period - Stopped by Nicolas Daws without a rebound.
1:00 of 2nd period - Logan Morrison wins face-off versus Hudson Fasching in ATLANTIC CITY RIVERKINGS zone.
1:12 of 2nd period - Shot by Anthony Angello.
1:12 of 2nd period - Shot Misses the Net.
1:17 of 2nd period - Minor Penalty to Noel Hoefenmayer for Hooking.
1:18 of 2nd period - Trey Fix-Wolansky wins face-off versus Cole Koepke in TRENTON WHALERS zone.
1:19 of 2nd period - Shot by Ben McCartney.
1:19 of 2nd period - Shot Misses the Net.
1:21 of 2nd period - Shot by Ilya Solovyov.
1:21 of 2nd period - Stopped by Clay Stevenson without a rebound.
1:22 of 2nd period - Yakov Trenin wins face-off versus Logan Morrison in TRENTON WHALERS zone.
1:58 of 2nd period - Icing by Yakov Trenin.
1:59 of 2nd period - Yakov Trenin wins face-off versus Cole Koepke in ATLANTIC CITY RIVERKINGS zone.
2:22 of 2nd period - Shot by Ben McCartney.
2:22 of 2nd period - Stopped by Clay Stevenson without a rebound.
2:23 of 2nd period - Logan Morrison wins face-off versus Garrett Pilon in TRENTON WHALERS zone.
3:23 of 2nd period - Minor Penalty to Ben Harpur for Roughing.
3:24 of 2nd period - Ty Dellandrea wins face-off versus Xavier Bourgault in ATLANTIC CITY RIVERKINGS zone.
3:43 of 2nd period - Shot by Logan Morrison.
3:43 of 2nd period - Shot Misses the Net.
3:45 of 2nd period - Shot by Wyatt Kaiser.
3:45 of 2nd period - Shot Misses the Net.
3:58 of 2nd period - Icing by Sam Malinski.
3:59 of 2nd period - Logan Morrison wins face-off versus Yakov Trenin in TRENTON WHALERS zone.
4:04 of 2nd period - Shot by Wyatt Kaiser.
4:04 of 2nd period - Shot Hit the Post.
4:06 of 2nd period - Shot by Sam Malinski.
4:06 of 2nd period - Shot Misses the Net.
4:08 of 2nd period - Shot by Sam Malinski.
4:08 of 2nd period - Shot Misses the Net.
4:10 of 2nd period - Shot by Sam Malinski.
4:10 of 2nd period - Shot Misses the Net.
4:15 of 2nd period - Minor Penalty to Cole Koepke for Interference.
4:16 of 2nd period - Garrett Pilon wins face-off versus Paul Ludwinski in TRENTON WHALERS zone.
4:40 of 2nd period - Shot by Henrik Rybinski.
4:40 of 2nd period - Stopped by Nicolas Daws without a rebound.
4:41 of 2nd period - Yakov Trenin wins face-off versus Paul Ludwinski in ATLANTIC CITY RIVERKINGS zone.
4:52 of 2nd period - Shot by Yakov Trenin.
4:52 of 2nd period - Shot Blocked by Daniil Miromanov.
4:54 of 2nd period - Shot by Ty Dellandrea.
4:54 of 2nd period - Shot Blocked by Noel Hoefenmayer.
4:56 of 2nd period - Shot by Ty Dellandrea.
4:56 of 2nd period - Shot Misses the Net.
5:02 of 2nd period - Shot by Ty Dellandrea.
5:02 of 2nd period - Stopped by Clay Stevenson without a rebound.
5:03 of 2nd period - Garrett Pilon wins face-off versus Alex Steeves in TRENTON WHALERS zone.
5:07 of 2nd period - Sam Colangelo is hit by Sam Malinski and loses puck.
5:46 of 2nd period - Shot by Garrett Pilon.
5:46 of 2nd period - Deflect By Trey Fix-Wolansky.
5:46 of 2nd period - Shot Misses the Net.
5:48 of 2nd period - Shot by Jordan Oesterle.
5:48 of 2nd period - Stopped by Clay Stevenson without a rebound.
5:49 of 2nd period - Logan Morrison wins face-off versus Yakov Trenin in TRENTON WHALERS zone.
6:19 of 2nd period - Cole Koepke is hit by Anthony Angello and loses puck.
6:29 of 2nd period - Minor Penalty to Anthony Angello for Tripping.
6:30 of 2nd period - Logan Morrison wins face-off versus Yakov Trenin in ATLANTIC CITY RIVERKINGS zone.
6:30 of 2nd period - Xavier Bourgault is hit by Ilya Solovyov and loses puck.
6:47 of 2nd period - Shot by Xavier Bourgault.
6:47 of 2nd period - Shot Blocked by Simon Nemec.
8:01 of 2nd period - Shot by Sam Morton.
8:01 of 2nd period - Stopped by Nicolas Daws with a rebound.
8:12 of 2nd period - Icing by Xavier Bourgault.
8:13 of 2nd period - Logan Morrison wins face-off versus Yakov Trenin in TRENTON WHALERS zone.
8:30 of 2nd period - Anthony Angello is hit by Taylor Ward and loses puck.
8:45 of 2nd period - Icing by Wyatt Kaiser.
8:46 of 2nd period - Gabriel Szturc wins face-off versus Mason Shaw in TRENTON WHALERS zone.
8:51 of 2nd period - Shot by Wyatt Kaiser.
8:51 of 2nd period - Shot Misses the Net.
8:53 of 2nd period - Shot by Gabriel Szturc.
8:53 of 2nd period - Shot Misses the Net.
9:20 of 2nd period - Shot by Cole Koepke.
9:20 of 2nd period - Shot Misses the Net.
9:24 of 2nd period - Shot by Sam Malinski.
9:24 of 2nd period - Stopped by Nicolas Daws without a rebound.
9:25 of 2nd period - Henrik Rybinski wins face-off versus Garrett Pilon in ATLANTIC CITY RIVERKINGS zone.
9:25 of 2nd period - Cole Koepke is hit by Ilya Solovyov.
9:28 of 2nd period - Icing by Jordan Oesterle.
9:29 of 2nd period - Cole Koepke wins face-off versus Garrett Pilon in ATLANTIC CITY RIVERKINGS zone.
9:36 of 2nd period - Shot by Cole Koepke.
9:36 of 2nd period - Shot Blocked by Ilya Solovyov.
9:38 of 2nd period - Shot by Daniil Miromanov.
9:38 of 2nd period - Shot Blocked by Ilya Solovyov.
9:40 of 2nd period - Shot by Sam Malinski.
9:40 of 2nd period - Stopped by Nicolas Daws without a rebound.
9:41 of 2nd period - Yakov Trenin wins face-off versus Logan Morrison in ATLANTIC CITY RIVERKINGS zone.
9:55 of 2nd period - Sam Morton is hit by Ronald Attard and loses puck.
11:21 of 2nd period - Jordan Oesterle is hit by Cole Koepke and loses puck.
11:37 of 2nd period - Trey Fix-Wolansky is hit by Maxwell Crozier and loses puck.
11:50 of 2nd period - Alex Steeves is hit by Anthony Angello and loses puck.
12:02 of 2nd period - Jason Polin is hit by Anthony Angello and loses puck.
12:33 of 2nd period - Shot by Cole Koepke.
12:33 of 2nd period - Deflect By Michael Milne.
12:33 of 2nd period - Shot Hit the Post.
12:35 of 2nd period - Shot by Wyatt Kaiser.
12:35 of 2nd period - Shot Misses the Net.
12:37 of 2nd period - Shot by Wyatt Kaiser.
12:37 of 2nd period - Shot Misses the Net.
12:39 of 2nd period - Shot by Sam Malinski.
12:39 of 2nd period - Stopped by Nicolas Daws without a rebound.
12:40 of 2nd period - Logan Morrison wins face-off versus Yakov Trenin in ATLANTIC CITY RIVERKINGS zone.
12:47 of 2nd period - Icing by Yakov Trenin.
12:48 of 2nd period - Logan Morrison wins face-off versus Yakov Trenin in ATLANTIC CITY RIVERKINGS zone.
12:48 of 2nd period - Sam Morton is hit by Ronald Attard.
13:47 of 2nd period - Minor Penalty to Ben McCartney for Tripping.
13:48 of 2nd period - Henrik Rybinski wins face-off versus Garrett Pilon in ATLANTIC CITY RIVERKINGS zone.
14:17 of 2nd period - Shot by Sam Malinski.
14:17 of 2nd period - Stopped by Nicolas Daws with a rebound.
15:12 of 2nd period - Shot by Wyatt Kaiser.
15:12 of 2nd period - Shot Misses the Net.
15:38 of 2nd period - Shot by Xavier Bourgault.
15:38 of 2nd period - Shot Misses the Net.
15:40 of 2nd period - Shot by Cole Koepke.
15:40 of 2nd period - Stopped by Nicolas Daws without a rebound.
15:41 of 2nd period - Logan Morrison wins face-off versus Yakov Trenin in ATLANTIC CITY RIVERKINGS zone.
15:42 of 2nd period - Shot by Xavier Bourgault.
15:42 of 2nd period - Stopped by Nicolas Daws without a rebound.
15:43 of 2nd period - Yakov Trenin wins face-off versus Logan Morrison in ATLANTIC CITY RIVERKINGS zone.
16:05 of 2nd period - Shot by Ben King.
16:05 of 2nd period - Deflect By Hudson Fasching.
16:05 of 2nd period - Shot Blocked by Wyatt Kaiser.
16:09 of 2nd period - Shot by Hudson Fasching.
16:09 of 2nd period - Stopped by Clay Stevenson with a rebound.
16:11 of 2nd period - Shot by Hudson Fasching.
16:11 of 2nd period - Shot Misses the Net.
16:44 of 2nd period - Off-side.
16:45 of 2nd period - Garrett Pilon wins face-off versus Henrik Rybinski in neutral zone.
17:01 of 2nd period - Henrik Rybinski is hit by Ronald Attard and loses puck.
17:08 of 2nd period - Shot by Cole Koepke.
17:08 of 2nd period - Stopped by Nicolas Daws with a rebound.
17:10 of 2nd period - Shot by Cole Koepke.
17:10 of 2nd period - Stopped by Nicolas Daws with a rebound.
17:12 of 2nd period - Shot by Daniil Miromanov.
17:12 of 2nd period - Shot Misses the Net.
17:50 of 2nd period - Shot by Logan Morrison.
17:50 of 2nd period - Stopped by Nicolas Daws without a rebound.
17:51 of 2nd period - Yakov Trenin wins face-off versus Massimo Rizzo in ATLANTIC CITY RIVERKINGS zone.
17:53 of 2nd period - Icing by Ty Dellandrea.
17:54 of 2nd period - Yakov Trenin wins face-off versus Logan Morrison in ATLANTIC CITY RIVERKINGS zone.
17:54 of 2nd period - Yakov Trenin is hit by Logan Morrison.
18:06 of 2nd period - Shot by Sam Colangelo.
18:06 of 2nd period - Goal by Sam Colangelo - ATLANTIC CITY RIVERKINGS : 2 - TRENTON WHALERS : 1.
18:07 of 2nd period - Anthony Angello wins face-off versus Gabriel Szturc in neutral zone.
18:07 of 2nd period - Hudson Fasching is hit by Taylor Ward and loses puck.
18:12 of 2nd period - Shot by Jason Polin.
18:12 of 2nd period - Shot Blocked by Ryan Mast.
18:14 of 2nd period - Shot by Gabriel Szturc.
18:14 of 2nd period - Shot Misses the Net.
18:20 of 2nd period - Shot by Gabriel Szturc.
18:20 of 2nd period - Stopped by Nicolas Daws with a rebound.
18:22 of 2nd period - Shot by Noel Hoefenmayer.
18:22 of 2nd period - Stopped by Nicolas Daws without a rebound.
18:23 of 2nd period - Yakov Trenin wins face-off versus Logan Morrison in ATLANTIC CITY RIVERKINGS zone.
18:23 of 2nd period - Yakov Trenin is hit by Sam Morton.
18:40 of 2nd period - Icing by Jordan Oesterle.
18:41 of 2nd period - Henrik Rybinski wins face-off versus Yakov Trenin in ATLANTIC CITY RIVERKINGS zone.
19:20 of 2nd period - Ben Harpur is hit by Cole Koepke and loses puck.
19:53 of 2nd period - Shot by Logan Morrison.
19:53 of 2nd period - Stopped by Nicolas Daws with a rebound.
19:59 of 2nd period - Shot by Sam Malinski.
19:59 of 2nd period - Stopped by Nicolas Daws without a rebound.
Goals for this period are 1 for ATLANTIC CITY RIVERKINGS vs 0 for TRENTON WHALERS.
Shots for this period are 6 for ATLANTIC CITY RIVERKINGS vs 16 for TRENTON WHALERS.

3rd period


0:01 of 3rd period - Yakov Trenin wins face-off versus Cole Koepke in neutral zone.
0:21 of 3rd period - Icing by Ty Dellandrea.
0:22 of 3rd period - Logan Morrison wins face-off versus Yakov Trenin in ATLANTIC CITY RIVERKINGS zone.
0:38 of 3rd period - Shot by Logan Morrison.
0:38 of 3rd period - Stopped by Nicolas Daws without a rebound.
0:39 of 3rd period - Henrik Rybinski wins face-off versus Garrett Pilon in ATLANTIC CITY RIVERKINGS zone.
0:56 of 3rd period - Icing by Ronald Attard.
0:57 of 3rd period - Logan Morrison wins face-off versus Trey Fix-Wolansky in ATLANTIC CITY RIVERKINGS zone.
0:58 of 3rd period - Shot by Sam Morton.
0:58 of 3rd period - Deflect By Logan Morrison.
0:58 of 3rd period - Shot Misses the Net.
1:03 of 3rd period - Trey Fix-Wolansky is hit by Noel Hoefenmayer and loses puck.
1:24 of 3rd period - Shot by Garrett Pilon.
1:24 of 3rd period - Deflect By Trey Fix-Wolansky.
1:24 of 3rd period - Stopped by Clay Stevenson without a rebound.
1:25 of 3rd period - Henrik Rybinski wins face-off versus Ty Dellandrea in TRENTON WHALERS zone.
1:27 of 3rd period - Icing by Cole Koepke.
1:28 of 3rd period - Henrik Rybinski wins face-off versus Yakov Trenin in TRENTON WHALERS zone.
1:28 of 3rd period - Henrik Rybinski is hit by Yakov Trenin.
1:44 of 3rd period - Shot by Ty Dellandrea.
1:44 of 3rd period - Stopped by Clay Stevenson with a rebound.
2:21 of 3rd period - Icing by Yakov Trenin.
2:22 of 3rd period - Logan Morrison wins face-off versus Yakov Trenin in ATLANTIC CITY RIVERKINGS zone.
2:22 of 3rd period - Logan Morrison is hit by Ilya Solovyov.
3:03 of 3rd period - Sam Morton is hit by Ben McCartney.
3:17 of 3rd period - Shot by Trey Fix-Wolansky.
3:17 of 3rd period - Shot Misses the Net.
3:32 of 3rd period - Gabriel Szturc is hit by Ronald Attard and loses puck.
4:08 of 3rd period - Shot by Cole Koepke.
4:08 of 3rd period - Shot Misses the Net.
4:10 of 3rd period - Shot by Daniil Miromanov.
4:10 of 3rd period - Shot Misses the Net.
4:12 of 3rd period - Shot by Daniil Miromanov.
4:12 of 3rd period - Shot Misses the Net.
4:14 of 3rd period - Shot by Daniil Miromanov.
4:14 of 3rd period - Shot Misses the Net.
4:16 of 3rd period - Shot by Daniil Miromanov.
4:16 of 3rd period - Shot Misses the Net.
4:18 of 3rd period - Shot by Daniil Miromanov.
4:18 of 3rd period - Shot Blocked by Ryan Mast.
4:36 of 3rd period - Shot by Hudson Fasching.
4:36 of 3rd period - Stopped by Clay Stevenson without a rebound.
4:37 of 3rd period - Mason Shaw wins face-off versus Gabriel Szturc in TRENTON WHALERS zone.
4:56 of 3rd period - Jason Polin is hit by Ilya Solovyov and loses puck.
4:59 of 3rd period - Shot by Gabriel Szturc.
4:59 of 3rd period - Shot Blocked by Jordan Oesterle.
5:27 of 3rd period - Shot by Hudson Fasching.
5:27 of 3rd period - Shot Blocked by Wyatt Kaiser.
5:40 of 3rd period - Icing by Ryan Mast.
5:41 of 3rd period - Anthony Angello wins face-off versus Henrik Rybinski in ATLANTIC CITY RIVERKINGS zone.
6:00 of 3rd period - Shot by Cole Koepke.
6:00 of 3rd period - Stopped by Nicolas Daws with a rebound.
6:09 of 3rd period - Shot by Cole Koepke.
6:09 of 3rd period - Shot Blocked by Hudson Fasching.
6:32 of 3rd period - Shot by Xavier Bourgault.
6:32 of 3rd period - Stopped by Nicolas Daws with a rebound.
6:34 of 3rd period - Shot by Noel Hoefenmayer.
6:34 of 3rd period - Shot Misses the Net.
6:36 of 3rd period - Shot by Sam Morton.
6:36 of 3rd period - Shot Misses the Net.
6:38 of 3rd period - Shot by Sam Morton.
6:38 of 3rd period - Stopped by Nicolas Daws without a rebound.
6:39 of 3rd period - Gabriel Szturc wins face-off versus Yakov Trenin in ATLANTIC CITY RIVERKINGS zone.
6:50 of 3rd period - Shot by Jason Polin.
6:50 of 3rd period - Goal by Jason Polin - ATLANTIC CITY RIVERKINGS : 2 - TRENTON WHALERS : 2.
6:51 of 3rd period - Logan Morrison wins face-off versus Garrett Pilon in neutral zone.
6:54 of 3rd period - Shot by Logan Morrison.
6:54 of 3rd period - Shot Blocked by Simon Nemec.
6:56 of 3rd period - Shot by Sam Morton.
6:56 of 3rd period - Shot Misses the Net.
7:04 of 3rd period - Shot by Xavier Bourgault.
7:04 of 3rd period - Shot Misses the Net.
7:16 of 3rd period - Shot by Sam Morton.
7:16 of 3rd period - Stopped by Nicolas Daws without a rebound.
7:17 of 3rd period - Gabriel Szturc wins face-off versus Yakov Trenin in ATLANTIC CITY RIVERKINGS zone.
7:36 of 3rd period - Shot by Yakov Trenin.
7:36 of 3rd period - Shot Blocked by Wyatt Kaiser.
7:38 of 3rd period - Shot by Yakov Trenin.
7:38 of 3rd period - Shot Misses the Net.
7:40 of 3rd period - Shot by Sam Colangelo.
7:40 of 3rd period - Stopped by Clay Stevenson without a rebound.
7:41 of 3rd period - Garrett Pilon wins face-off versus Henrik Rybinski in TRENTON WHALERS zone.
7:51 of 3rd period - Shot by Cole Koepke.
7:51 of 3rd period - Shot Misses the Net.
7:53 of 3rd period - Shot by Cole Koepke.
7:53 of 3rd period - Deflect By Daniil Miromanov.
7:53 of 3rd period - Shot Misses the Net.
7:55 of 3rd period - Shot by Cole Koepke.
7:55 of 3rd period - Shot Blocked by Ronald Attard.
8:03 of 3rd period - Shot by Henrik Rybinski.
8:03 of 3rd period - Shot Blocked by Simon Nemec.
8:05 of 3rd period - Shot by Daniil Miromanov.
8:05 of 3rd period - Stopped by Nicolas Daws without a rebound.
8:06 of 3rd period - Logan Morrison wins face-off versus Yakov Trenin in ATLANTIC CITY RIVERKINGS zone.
8:15 of 3rd period - Shot by Logan Morrison.
8:15 of 3rd period - Deflect By Sam Morton.
8:15 of 3rd period - Shot Misses the Net.
8:21 of 3rd period - Shot by Logan Morrison.
8:21 of 3rd period - Deflect By Xavier Bourgault.
8:21 of 3rd period - Stopped by Nicolas Daws without a rebound.
8:22 of 3rd period - Gabriel Szturc wins face-off versus Garrett Pilon in ATLANTIC CITY RIVERKINGS zone.
8:40 of 3rd period - Shot by Garrett Pilon.
8:40 of 3rd period - Stopped by Clay Stevenson with a rebound.
8:42 of 3rd period - Shot by Ben McCartney.
8:42 of 3rd period - Shot Blocked by Gabriel Szturc.
8:50 of 3rd period - Shot by Taylor Ward.
8:50 of 3rd period - Deflect By Gabriel Szturc.
8:50 of 3rd period - Shot Misses the Net.
8:59 of 3rd period - Icing by Ryan Mast.
9:00 of 3rd period - Garrett Pilon wins face-off versus Henrik Rybinski in ATLANTIC CITY RIVERKINGS zone.
9:18 of 3rd period - Shot by Daniil Miromanov.
9:18 of 3rd period - Shot Misses the Net.
9:21 of 3rd period - Cole Koepke is hit by Ben Harpur and loses puck.
9:26 of 3rd period - Shot by Henrik Rybinski.
9:26 of 3rd period - Stopped by Nicolas Daws with a rebound.
9:28 of 3rd period - Shot by Cole Koepke.
9:28 of 3rd period - Stopped by Nicolas Daws with a rebound.
9:30 of 3rd period - Shot by Daniil Miromanov.
9:30 of 3rd period - Shot Misses the Net.
9:32 of 3rd period - Shot by Cole Koepke.
9:32 of 3rd period - Shot Misses the Net.
9:36 of 3rd period - Shot by Daniil Miromanov.
9:36 of 3rd period - Shot Misses the Net.
9:58 of 3rd period - Shot by Xavier Bourgault.
9:58 of 3rd period - Shot Misses the Net.
10:01 of 3rd period - Minor Penalty to Sam Morton for Delaying the game.
10:01 of 3rd period - Minor Penalty to Ben Harpur for Interference.
10:02 of 3rd period - Logan Morrison wins face-off versus Yakov Trenin in ATLANTIC CITY RIVERKINGS zone.
10:02 of 3rd period - Logan Morrison is hit by Ilya Solovyov.
10:24 of 3rd period - Shot by Yakov Trenin.
10:24 of 3rd period - Shot Blocked by Wyatt Kaiser.
10:47 of 3rd period - Wyatt Kaiser is hit by Anthony Angello and loses puck.
11:06 of 3rd period - Shot by Anthony Angello.
11:06 of 3rd period - Shot Blocked by Sam Malinski.
11:08 of 3rd period - Shot by Simon Nemec.
11:08 of 3rd period - Shot Hit the Post.
11:31 of 3rd period - Off-side.
11:32 of 3rd period - Yakov Trenin wins face-off versus Cole Koepke in neutral zone.
11:41 of 3rd period - Shot by Yakov Trenin.
11:41 of 3rd period - Shot Misses the Net.
11:43 of 3rd period - Shot by Jordan Oesterle.
11:43 of 3rd period - Stopped by Clay Stevenson with a rebound.
12:03 of 3rd period - Shot by Brennan Othmann.
12:03 of 3rd period - Shot Misses the Net.
12:05 of 3rd period - Shot by Ronald Attard.
12:05 of 3rd period - Shot Misses the Net.
12:07 of 3rd period - Shot by Brennan Othmann.
12:07 of 3rd period - Shot Misses the Net.
12:09 of 3rd period - Shot by Brennan Othmann.
12:09 of 3rd period - Stopped by Clay Stevenson without a rebound.
12:10 of 3rd period - Gabriel Szturc wins face-off versus Mason Shaw in TRENTON WHALERS zone.
12:19 of 3rd period - Michael Benning is hit by Brennan Othmann and loses puck.
12:28 of 3rd period - Shot by Viktor Neuchev.
12:28 of 3rd period - Shot Misses the Net.
12:36 of 3rd period - Shot by Mason Shaw.
12:36 of 3rd period - Shot Misses the Net.
13:06 of 3rd period - Shot by Henrik Rybinski.
13:06 of 3rd period - Shot Misses the Net.
13:08 of 3rd period - Shot by Maxwell Crozier.
13:08 of 3rd period - Stopped by Nicolas Daws without a rebound.
13:09 of 3rd period - Massimo Rizzo wins face-off versus Anthony Angello in ATLANTIC CITY RIVERKINGS zone.
13:09 of 3rd period - Cole Koepke is hit by Ilya Solovyov and loses puck.
13:28 of 3rd period - Shot by Cole Koepke.
13:28 of 3rd period - Shot Misses the Net.
13:30 of 3rd period - Shot by Sam Malinski.
13:30 of 3rd period - Stopped by Nicolas Daws without a rebound.
13:31 of 3rd period - Logan Morrison wins face-off versus Yakov Trenin in ATLANTIC CITY RIVERKINGS zone.
13:44 of 3rd period - Shot by Sam Colangelo.
13:44 of 3rd period - Shot Misses the Net.
13:59 of 3rd period - Shot by Sam Colangelo.
13:59 of 3rd period - Deflect By Ty Dellandrea.
13:59 of 3rd period - Stopped by Clay Stevenson without a rebound.
14:00 of 3rd period - Anthony Angello wins face-off versus Gabriel Szturc in TRENTON WHALERS zone.
14:03 of 3rd period - Shot by Hudson Fasching.
14:03 of 3rd period - Shot Blocked by Michael Benning.
14:11 of 3rd period - Shot by Gabriel Szturc.
14:11 of 3rd period - Stopped by Nicolas Daws with a rebound.
14:17 of 3rd period - Shot by Jason Polin.
14:17 of 3rd period - Stopped by Nicolas Daws with a rebound.
14:21 of 3rd period - Shot by Taylor Ward.
14:21 of 3rd period - Stopped by Nicolas Daws without a rebound.
14:22 of 3rd period - Henrik Rybinski wins face-off versus Garrett Pilon in ATLANTIC CITY RIVERKINGS zone.
14:25 of 3rd period - Shot by Cole Koepke.
14:25 of 3rd period - Deflect By Henrik Rybinski.
14:25 of 3rd period - Goal by Henrik Rybinski - ATLANTIC CITY RIVERKINGS : 2 - TRENTON WHALERS : 3.
14:26 of 3rd period - Paul Ludwinski wins face-off versus Yakov Trenin in neutral zone.
14:37 of 3rd period - Shot by Ty Dellandrea.
14:37 of 3rd period - Stopped by Clay Stevenson with a rebound.
14:39 of 3rd period - Shot by Ty Dellandrea.
14:39 of 3rd period - Shot Blocked by Sam Malinski.
15:35 of 3rd period - Ben King is hit by Maxwell Crozier and loses puck.
15:59 of 3rd period - Logan Morrison is hit by Ben Harpur and loses puck.
16:27 of 3rd period - Shot by Jason Polin.
16:27 of 3rd period - Shot Misses the Net.
16:29 of 3rd period - Shot by Michael Benning.
16:29 of 3rd period - Stopped by Nicolas Daws without a rebound.
16:30 of 3rd period - Mason Shaw wins face-off versus Gabriel Szturc in ATLANTIC CITY RIVERKINGS zone.
16:35 of 3rd period - Shot by Viktor Neuchev.
16:35 of 3rd period - Stopped by Clay Stevenson without a rebound.
16:36 of 3rd period - Gabriel Szturc wins face-off versus Yakov Trenin in TRENTON WHALERS zone.
16:36 of 3rd period - Gabriel Szturc is hit by Ty Dellandrea.
16:45 of 3rd period - Ty Dellandrea is hit by Taylor Ward.
17:03 of 3rd period - Icing by Ronald Attard.
17:04 of 3rd period - Henrik Rybinski wins face-off versus Yakov Trenin in ATLANTIC CITY RIVERKINGS zone.
17:04 of 3rd period - Henrik Rybinski is hit by Ronald Attard.
18:56 of 3rd period - Minor Penalty to Brennan Othmann for Interference.
18:57 of 3rd period - Henrik Rybinski wins face-off versus Yakov Trenin in ATLANTIC CITY RIVERKINGS zone.
19:04 of 3rd period - Shot by Sam Malinski.
19:04 of 3rd period - Stopped by Nicolas Daws without a rebound.
19:05 of 3rd period - Yakov Trenin wins face-off versus Logan Morrison in ATLANTIC CITY RIVERKINGS zone.
19:22 of 3rd period - Shot by Sam Malinski.
19:22 of 3rd period - Stopped by Nicolas Daws with a rebound.
19:24 of 3rd period - Shot by Wyatt Kaiser.
19:24 of 3rd period - Stopped by Nicolas Daws without a rebound.
19:25 of 3rd period - Yakov Trenin wins face-off versus Henrik Rybinski in ATLANTIC CITY RIVERKINGS zone.
19:54 of 3rd period - Shot by Cole Koepke.
19:54 of 3rd period - Shot Blocked by Sam Colangelo.
Goals for this period are 0 for ATLANTIC CITY RIVERKINGS vs 2 for TRENTON WHALERS.
Shots for this period are 10 for ATLANTIC CITY RIVERKINGS vs 20 for TRENTON WHALERS.